 Dungeon Crawl Stone Soup version 0.28.0 (webtiles) character file.

Game seed: 6229846836055370919

60 Akaron the Chiller (level 4, -3/27 HPs)
             Began as an Octopode Ice Elementalist on Feb 18, 2022.
             Slain by a sky beast (4 damage)
             ... on level 2 of the Dungeon.
             The game lasted 00:03:30 (1753 turns).

Akaron the Chiller (Octopode Ice Elementalist)      Turns: 1753, Time: 00:03:31

Health: -3/27      AC:  1    Str:  7    XL:     4   Next: 4%
Magic:  4/7        EV: 13    Int: 17    God:
Gold:   62         SH:  0    Dex: 14    Spells: 3/7 levels left

rFire   . . .      SeeInvis .   d - +3 dagger
rCold   . . .      Faith    .   (no shield)
rNeg    . . .      Spirit   .   (helmet restricted)
rPois   .          Reflect  .   (no amulet)
rElec   .          Harm     .   (no ring)
rCorr   .          Rampage  .   (no ring)
Will    .....                   (no ring)
Stlth   +++.......              (no ring)
HPRegen 0.09/turn               (no ring)
MPRegen 0.10/turn               (no ring)
                                (no ring)
                                (no ring)

@: freezing walls
A: almost no armour, amphibious, 8 rings, camouflage 1, gelatinous body 1,
(nimble swimmer 1), tentacles
a: no special abilities


You were on level 2 of the Dungeon.
You visited 1 branch of the dungeon, and saw 3 of its levels.

You collected 62 gold pieces.

Inventory:

Hand Weapons
 d - a +3 dagger (weapon)
Scrolls
 a - a scroll of identify {unknown}
 b - 2 scrolls of enchant armour {unknown}
 c - a scroll of vulnerability {unknown}
Potions
 e - a potion of curing {unknown}
 f - a potion of attraction {unknown}
 g - 2 potions of haste {unknown}


   Skills:
 + Level 2.1 Dodging
 + Level 3.1 Stealth
 + Level 2.3 Spellcasting
 + Level 5.1 Ice Magic


You had 3 spell levels left.
You knew the following spells:

 Your Spells              Type           Power      Damage    Failure   Level
a - Freeze                Ice            76%        1d9       2%          1
b - Frozen Ramparts       Ice            38%        1d5       7%          3

Your spell library contained the following spells:

 Spells                   Type           Power      Damage    Failure   Level
 Ozocubu's Armour         Ice            19%        N/A       7%          3
 Animate Skeleton         Necr           2%         N/A       19%         1
 Apportation              Tloc           2%         N/A       19%         1
 Summon Small Mammal      Summ           4%         N/A       19%         1
 Hailstorm                Conj/Ice       10%        3d5       54%         4
 Passage of Golubria      Tloc           1%         N/A       88%         4
 Freezing Cloud           Conj/Ice/Air   3%         6-21      95%         5
 Silence                  Hex/Air        0%         N/A       99%         5
 Simulacrum               Ice/Necr       5%         N/A       100%        6
 Ozocubu's Refrigeration  Ice            9%         4d6       100%        7
 Lehudib's Crystal Spear  Conj/Erth      0%         10d2      100%        8
 Polar Vortex             Ice            9%         N/A       100%        9


Dungeon Overview and Level Annotations

Branches:
Dungeon (3/15)

Altars:
Vehumet

Shops:
D:1 (


Innate Abilities, Weirdness & Mutations

You cannot wear most types of armour.
You are amphibious.
You can wear up to eight rings at the same time.
Your skin changes colour to match your surroundings (Stealth+).
Your rubbery body absorbs attacks. (AC +1, EV +1)
((You are camouflaged when in or above water. (Stealth+)))
You have tentacles for arms and can constrict up to eight enemies at once.


Message History

The helpless adder fails to defend itself.
You puncture the adder! You grab the adder. You squeeze the adder.
You kill the adder!
You have reached level 4!
Found 11 gold pieces.
Found 3 poisoned darts.
Found a stone staircase leading down.
Found 11 gold pieces.
The helpless sky beast fails to defend itself.
You puncture the sky beast!
The sky beast is heavily wounded.
The sky beast barely misses you.
You closely miss the sky beast.
The sky beast is heavily wounded.
The sky beast barely misses you.
You hit the sky beast but do no damage. You squeeze the sky beast.
The sky beast is heavily wounded.
The sky beast hits you. The sky beast shocks you.
You closely miss the sky beast. Your squeeze misses the sky beast.
The sky beast is heavily wounded.
The sky beast hits you. The sky beast shocks you.
You closely miss the sky beast. You squeeze the sky beast.
The sky beast is severely wounded.
The sky beast hits you. The sky beast shocks you.
* * * LOW HITPOINT WARNING * * *
There is a stone staircase leading up here.
The sky beast hits you.
* * * LOW HITPOINT WARNING * * *
The sky beast shocks you.
* * * LOW HITPOINT WARNING * * *
You climb upwards.
There is a stone staircase leading down here.
Casting: Freeze (safe; 2% risk of failure)
Confirm with . or Enter, or press ? or * to list all spells.
The spell is quite dangerous to miscast (7% risk of failure)!
Continue anyway?
Casting: Frozen Ramparts (quite dangerous; 7% risk of failure)
Press: ? - help, Dir - look around, f - activate A stone staircase leading down.
The walls around you are covered in ice.
The wall freezes the sky beast.
The sky beast hits you.
You die...

#.......# #.# #.......#
#####.### #.# #.......#
#####.###
##.#######.......#
#.......#
##........#.......#
#.###.#.#
#.....###.####.#### #.#
#.#.####...#.........# #.#
#.#..........##.###### #.#
#....####.#####.# #.#
###.## #@#####.# #.# #.#
#.Y....<# #.#####.#
#.####### #.......#####.#
#######.....#.#
######.###.#.#############
#...##.###.......#.......#
#....(...#.#.###.#.#####.#
#...##.#.....###.#.# #.#


You could see a sky beast.

Vanquished Creatures
  A hound (D:2)
  An adder (D:3)
  A worm (D:2)
  3 endoplasms
  A goblin (D:2)
  5 hobgoblins
  A kobold (D:2)
  A quokka (D:2)
  2 ball pythons
  2 frilled lizards (D:2)
18 creatures vanquished.

Notes
Turn   | Place    | Note
-------+----------+-------------------------------------------
     0 | D:1      | Akaron the Octopode Ice Elementalist began the quest for
                  | the Orb.
     0 | D:1      | Reached XP level 1. HP: 11/11 MP: 3/3
   167 | D:1      | Found Viopul's Weapon Shop.
   644 | D:1      | Found a radiant altar of Vehumet.
   701 | D:2      | Noticed a hound
   708 | D:2      | Killed a hound
   709 | D:2      | Reached XP level 2. HP: 9/17 MP: 0/5
   709 | D:2      | Reached XP level 3. HP: 11/21 MP: 0/6
  1503 | D:2      | Learned a level 3 spell: Frozen Ramparts
  1583 | D:2      | Found a faded altar of an unknown god.
  1592 | D:2      | Reached skill level 5 in Ice Magic
  1736 | D:3      | Noticed a sky beast
  1738 | D:3      | Reached XP level 4. HP: 27/27 MP: 7/7
  1751 | D:3      | HP: 1/27 [sky beast (5)]
  1753 | D:2      | Slain by a sky beast

Illustrated notes

Levels and vault maps discovered:
D:1:      nzn_arrival_water_spiral, layout_loops_ring, serial_shops,
          shop_statue, kennysheep_flooded_box, minmay_misc_feat_roman,
          chequers_serial_rivers_small_3
D:2:      layout_loops_corners, chequers_ecumenical_altar_twisty
D:3:      layout_loops_ring, gup_sewer_entry_glass

Skill      XL: |  1  2  3 |
---------------+----------+-----
Stealth        | 3 |  3.1
Ice Magic      | 5 |  5.1
Dodging        | |  2.1
Spellcasting   | |  2.3

Action                   |  1- 3 |  4- 6 || total
-------------------------+-------+-------++-------
Melee: Mace              |     4 |       ||     4
       Dagger            |    15 |     5 ||    20
       Tentacles         |     5 |     2 ||     7
       Constrict         |     4 |       ||     4
 Cast: Freeze            |    11 |       ||    11
       Frozen Ramparts   |       |     1 ||     1
 Stab: Sleeping          |     6 |     1 ||     7
Armor: Skin              |     3 |       ||     3
Dodge: Dodged            |    10 |     2 ||    12
